 Dungeon Crawl Stone Soup version 0.26-a0-264-g3a471323bd (webtiles) character file.

Game seed: 8835252729843253837

120 BritishOli the Covered (level 4, -8/35 HPs)
             Began as a Demonspawn Fighter on July 11, 2020.
             Mangled by Crazy Yiuf
             ... wielding a +4 quarterstaff of chaos
              (9 damage)
             ... on level 2 of the Dungeon.
             The game lasted 00:01:12 (1751 turns).

BritishOli the Covered (Demonspawn Fighter)         Turns: 1751, Time: 00:01:13

Health: -8/35      AC:  6    Str: 18    XL:     4   Next: 75%
Magic:  4/4        EV: 12    Int:  9    God:
Gold:   42         SH:  9    Dex: 12    Spells: 3/3 levels left

rFire    . . .     SeeInvis .   a - +0 long sword
rCold    . . .     Faith    .   c - +0 kite shield
rNeg     . . .     Spirit   .   b - +0 scale mail
rPois    .         Reflect  .   (no helmet)
rElec    .         Harm     .   (no cloak)
rCorr    .                      (no gloves)
MR       .....                  (no boots)
Stlth    ..........             (no amulet)
HPRegen  0.11/turn              (no ring)
MPRegen  0.09/turn              (no ring)

@: agile, lethally poisoned (-8 -> -13)
A: claws 1, powered by pain 1
a: no special abilities


You were on level 2 of the Dungeon.
You were not hungry.

You visited 1 branch of the dungeon, and saw 2 of its levels.

You collected 42 gold pieces.

Inventory:

Hand Weapons
 a - a +0 long sword (weapon)
Armour
 b - a +0 scale mail (worn)
 c - a +0 kite shield (worn)
Scrolls
 e - a scroll of teleportation {unknown}
 h - a scroll of remove curse {unknown}
 i - a scroll of fear {unknown}
 k - 4 scrolls of identify {unknown}
 n - a scroll of immolation {unknown}
 o - a scroll of magic mapping {unknown}
 p - 3 scrolls of fog {unknown}
Potions
 d - a potion of might
 g - a potion of curing {unknown}
 j - a potion of stabbing {unknown}
 l - 2 potions of invisibility {unknown}
 m - a potion of lignification {unknown}
 q - a potion of ambrosia {unknown}
Comestibles
 f - 11 rations


   Skills:
 + Level 3.5 Fighting
 * Level 3.0 Long Blades
 * Level 3.6 Armour
 + Level 3.1 Shields


You had 3 spell levels left.
You didn't know any spells.
Your spell library was empty.

Dungeon Overview and Level Annotations

Branches:
Dungeon (2/15)

Altars:

Annotations:
D:2 Crazy Yiuf


Innate Abilities, Weirdness & Mutations

You have sharp fingernails.
You sometimes gain a little power by taking damage.


Message History

Crazy Yiuf hits you with a +4 quarterstaff of chaos!
You focus on the pain.
You feel agile all of a sudden.
You barely miss Crazy Yiuf. Crazy Yiuf barely misses you.
You closely miss Crazy Yiuf. Crazy Yiuf misses you.
You hit Crazy Yiuf but do no damage.
Crazy Yiuf hits you with a +4 quarterstaff of chaos!
You completely miss Crazy Yiuf.
Crazy Yiuf sings, "Trees, trees, trees, circus!"
Crazy Yiuf barely misses you.
You riposte.
You hit Crazy Yiuf.
Crazy Yiuf is lightly wounded.
You hit Crazy Yiuf but do no damage.
Crazy Yiuf is lightly wounded.
Crazy Yiuf hits you with a +4 quarterstaff of chaos.
* * * LOW HITPOINT WARNING * * *
You are poisoned.
Crazy Yiuf hits you with a +4 quarterstaff of chaos!
* * * LOW HITPOINT WARNING * * *
You are electrocuted!
You die...

##..######.#######.
#....# #...#...(...
♣.P.P♣ #####..†....
♣♣P..♣ ###....####.
♣♣.♣♣ #...#..##...
♣♣.♣ ######.##+##
♣.♣♣ #...........
♣♣.♣ #..)...†....
♣@♣♣ #...........
#g# #...........
... #.....[.....
#...# #...........
#)..# #...).......
##### #......####.
######## #. #. #.


You could see Crazy Yiuf.

Vanquished Creatures
  A hound (D:2)
  Terence (D:2)
  An adder (D:2)
  2 oozes (D:2)
  2 dart slugs (D:1)
  3 leopard geckos
  4 bats (D:2)
  3 giant cockroaches (D:2)
  3 goblins
  6 hobgoblins
  3 jackals (D:2)
  5 kobolds (D:1)
  A quokka (D:2)
  2 frilled lizards
  6 rats (D:1)
  A fungus (D:2)
44 creatures vanquished.

Notes
Turn   | Place    | Note
-------+----------+-------------------------------------------
     0 | D:1      | BritishOli the Demonspawn Fighter began the quest for the
                  | Orb.
     0 | D:1      | Reached XP level 1. HP: 18/18 MP: 1/1
   358 | D:1      | Gained mutation: You sometimes gain a little power by
                  | taking damage. [demonic ancestry]
   358 | D:1      | Reached XP level 2. HP: 24/24 MP: 2/2
   986 | D:2      | Gained mutation: You have sharp fingernails. [demonic
                  | ancestry]
   986 | D:2      | Reached XP level 3. HP: 28/29 MP: 3/3
  1061 | D:2      | Noticed Terence
  1065 | D:2      | Reached XP level 4. HP: 33/35 MP: 4/4
  1076 | D:2      | Killed Terence
  1739 | D:2      | Found a runed translucent door.
  1740 | D:2      | Noticed Crazy Yiuf
  1751 | D:2      | HP: 1/35 [Crazy Yiuf/+4 quarterstaff of chaos (7)]
  1751 | D:2      | Mangled by Crazy Yiuf

Illustrated notes

Levels and vault maps discovered:
D:1:      minmay_arrival_up_and_down, layout_loops_ring, minmay_pentomino_r4
D:2:      layout_basic, first_ration, uniq_crazy_yiuf_cottage, uniq_terence

Skill      XL: |  1  2  3  4 |
---------------+-------------+-----
Long Blades    | 2 3 |  3.0
Armour         | 3 |  3.6
Shields        | 3 |  3.1
Fighting       | |  3.5

Action                   |  1- 3 |  4- 6 || total
-------------------------+-------+-------++-------
Melee: Long sword        |   102 |    62 ||   164
  Eat: Ration            |       |     1 ||     1
Armor: Scale mail        |    49 |    27 ||    76
Dodge: Dodged            |    22 |    18 ||    40
Block: Kite shield       |    51 |    24 ||    75
       Rpst.: Long sword |     5 |     9 ||    14

Table legend:
 A = Non-vault XP
 B = Vault XP
 C = Vault XP percentage of total XP
 D = Non-vault monster count
 E = Vault monster count
 F = Vault count percentage of total count
                 A         B        C        D         E       F
            +---------+---------+-------+---------+---------+-------
      Total |     137 |      35 |  20.3 |      39 |       4 |   9.3
            +---------+---------+-------+---------+---------+-------
        D:1 |      33 |       3 |   8.3 |      17 |       3 |  15.0
        D:2 |     104 |      32 |  23.5 |      22 |       1 |   4.3
            +---------+---------+-------+---------+---------+-------
